[Event "*** Titled Tuesday 3|2 Blitz"]
[Site "Chess.com"]
[Date "2016.02.02"]
[Round "5"]
[White "JusticeBot"]
[Black "Maitreia"]
[Result "1-0"]
[WhiteElo "2433"]
[BlackElo "2448"]
[TimeControl "180+2"]
[EndTime "12:04:10 PST"]
[Termination "JusticeBot won by checkmate"]

1. e4 c5 2. c3 Nf6 3. e5 Nd5 4.
d4 cxd4 5. Nf3 Nc6 6. Bc4 Nb6 7. Bb3 d5 8. exd6 Qxd6 9. O-O Be6 10. Na3 Bxb3 11. Qxb3 e6 12. Nb5 Qb8 13. g3 Bd6 14. Rd1 O-O 15. Nfxd4 Nxd4 16. Rxd4 Be5 17. Rd3 Rd8 18.
Rxd8+ Qxd8 19. Be3 Nd5 20. Rd1 Qa5 21. Bd4 Bxd4 22. Rxd4 a6 23. Nd6 b5 24. Nxf7 Qc7 25.
Ng5 Qe5 26. Nxe6 Qe1+ 27. Kg2 Ne3+ 28. fxe3 Qe2+ 29. Kh3 Qf1+ 30. Kh4 Kh8 31. Rf4 Qe2 32. h3 Qxe3 33. Qd5 Rg8 34. Ng5 h6 35. Nf7+ Kh7 36.
Qe4+ Qxe4 37. Rxe4 Rf8 38. Nd6 g5+ 39. Kh5 Rf3 40.
Re7+ Kg8 41. Kg6 Kf8 42. Re8# 1-0

[Event "*** Titled Tuesday 3|2 Blitz"]
[Site "Chess.com"]
[Date "2016.02.02"]
[Round "5"]
[White "Grootneus"]
[Black "kharposh"]
[Result "1-0"]
[WhiteElo "2034"]
[BlackElo "2060"]
[TimeControl "180+2"]
[EndTime "12:04:17 PST"]
[Termination "Grootneus won by resignation"]

1. e4 e5 2. Nf3 Nc6 3. Bb5 Nf6 4. d3 d6 5. c3 Bd7 6. Ba4 g6 7. O-O Bg7 8. Re1 O-O 9. Nbd2 Nh5 10. Bb3 Bg4 11.
h3 Be6 12. Nf1 Nf4 13. d4 Bxb3 14. axb3 Qf6 15. Bxf4 Qxf4 16. Qd2 Qxd2 17. N1xd2 exd4 18. cxd4 Nxd4 19. Nxd4 Bxd4 20. Nc4 Rfe8 21. Kf1 b6 22. f3 a5 23. Ke2 Re7 24. Kd3 Bg7 25.
Re2 Rae8 26. Ne3 f5 27. Nd5 fxe4+ 28. fxe4 Rf7 29. Rc1 c5 30. Kc4 Bd4 31. Kb5 Rf2 32. Rxf2 Bxf2 33. Nf6+ Kf7 34. Nxe8 Kxe8 35. Kxb6 c4+ 36.
Kxa5 cxb3 37. Kb4 Kd7 38. Kxb3 Ke6 39. Kc4 Ke5 40. Kd3 Kf4 41. Rc7 h5 42. Rg7 g5 43.
b4 g4 44. hxg4 hxg4 45. b5 Kg3 46. Kc4 Kf4 47. Kd5 g3 48. Rf7+ Ke3 49. b6 1-0

[Event "*** Titled Tuesday 3|2 Blitz"]
[Site "Chess.com"]
[Date "2016.02.02"]
[Round "5"]
[White "MasterLeif"]
[Black "swayamsm"]
[Result "0-1"]
[WhiteElo "2332"]
[BlackElo "2551"]
[TimeControl "180+2"]
[EndTime "12:04:20 PST"]
[Termination "swayamsm won on time"]

1. e4 e6 2. d4 d5 3. Nc3 Nf6 4. Bg5 Bb4 5. e5 h6 6. exf6 hxg5 7.
fxg7 Rg8 8. h4 gxh4 9. Qh5 Qf6 10. Qxh4 Qxg7 11. Nf3 Nc6 12. O-O-O Bd7 13. g3 Be7 14. Qh7 O-O-O 15. Qxg7 Rxg7 16. Bb5 f6 17. Rde1 Rf8 18.
Bxc6 bxc6 19. Na4 Bd6 20. c3 Re7 21. Nh4 Rg8 22. Nc5 Bxc5 23. dxc5 e5 24. b4 Bg4 25. Kd2 d4 26. cxd4 Rd8 27. Kc3 Rxd4 28. f3 Be6 29. a3 Red7 30. Re3 Rc4+ 31. Kb2 Rd2+ 32. Kb1 Rcc2 33. f4 Rb2+ 34. Kc1 Rdc2+ 35. Kd1 Bg4+ 36. Nf3 e4 0-1

[Event "*** Titled Tuesday 3|2 Blitz"]
[Site "Chess.com"]
[Date "2016.02.02"]
[Round "5"]
[White "GianmarcoVaR"]
[Black "GMHess"]
[Result "0-1"]
[WhiteElo "2235"]
[BlackElo "2473"]
[TimeControl "180+2"]
[EndTime "12:04:24 PST"]
[Termination "GMHess won by resignation"]

1. d4 g6 2. e4 Bg7 3. c3 d6 4.
Nf3 c6 5. Bd3 e5 6. O-O Nd7 7.
Nbd2 Ngf6 8. Nc4 Qe7 9. dxe5 dxe5 10. a4 O-O 11. b4 Nh5 12. Bg5 f6 13. Bh4 Nf4 14.
Re1 Rd8 15. Bf1 g5 16. Bg3 Nf8 17. Qc2 N4g6 18. Ne3 h5 19. Nf5 Qf7 20. Rad1 Be6 21. Rxd8 Rxd8 22. h4 g4 23. Nd2 Nf4 24. Nd4 exd4 25. Bxf4 Ng6 26. Bg3 dxc3 27. Qxc3 f5 28. Qc2 f4 29. Bh2 Bd4 30. g3 Bxf2+ 31. Kxf2 fxg3+ 32.
Ke2 Qf2+ 33. Kd1 gxh2 34. e5 Kg7 35. Bd3 Qxe1+ 36. Kxe1 h1=Q+ 37. Nf1 Nf4 38. Be4 Qxh4+ 0-1

[Event "*** Titled Tuesday 3|2 Blitz"]
[Site "Chess.com"]
[Date "2016.02.02"]
[Round "5"]
[White "manubibi"]
[Black "Hafez_Bakr"]
[Result "0-1"]
[WhiteElo "2389"]
[BlackElo "1755"]
[TimeControl "180+2"]
[EndTime "12:04:27 PST"]
[Termination "Hafez_Bakr won by checkmate"]

1. e4 c5 2. Nf3 d6 3. d4 cxd4 4.
Nxd4 Nf6 5. Nc3 a6 6. Bg5 e6 7. f4 Be7 8. Qf3 Qc7 9. O-O-O Nbd7 10. g4 h6 11. Bxf6 Bxf6 12. h4 b5 13. Bxb5 axb5 14. Ndxb5 Qb8 15. Nxd6+ Kf8 16. g5 Be7 17. e5 Bxd6 18.
Rxd6 Bb7 19. Qh5 g6 20. Qd1 Bxh1 21. Rxd7 hxg5 22. Qxh1 Rxh4 23. Qg1 Rxf4 24. Qc5+ Kg7 25.
b3 Rf5 26. Rc7 Qf8 27. a4 g4 28. Ne4 Qxc5 29. Rxc5 Rf3 30. Kd2 g3 31. Ng5 Rd8+ 32. Ke1 Re3+ 33. Kf1 Rd1+ 34. Kg2 Rd2+ 35. Kh3 g2+ 36.
Kh4 g1=Q 37. Nxe6+ fxe6 38. Rc7+ Kf8 39. Rf7+ Kxf7 40.
a5 Rh2# 0-1

[Event "*** Titled Tuesday 3|2 Blitz"]
[Site "Chess.com"]
[Date "2016.02.02"]
[Round "5"]
[White "amaidel"]
[Black "Tesla37"]
[Result "0-1"]
[WhiteElo "2416"]
[BlackElo "2571"]
[TimeControl "180+2"]
[EndTime "12:04:36 PST"]
[Termination "Tesla37 won by resignation"]

1. e4 c5 2. Nf3 e6 3. d4 cxd4 4. Nxd4 Nc6 5. Nxc6 bxc6 6. Bd3 d5 7. O-O Nf6 8. Nd2 Be7 9. Qe2 O-O 10. c4 Bb7 11.
b3 a5 12. Bb2 a4 13. Rfe1 Re8 14. cxd5 cxd5 15. Bb5 Rf8 16. bxa4 dxe4 17. Nc4 Bd5 18. Red1 Qb8 19. Bd4 Bxc4 20. Qxc4 Ng4 21. g3 Bf6 22. h3 Ne5 23. Bxe5 Qxe5 24. Rab1 e3 25. Qe2 exf2+ 26. Qxf2 Rad8 27. Kh2 h5 28. Rxd8 Rxd8 29. Qf4 Qc3 30.
Rf1 h4 31. Kg2 Rd4 32. Qf3 Qb4 33. gxh4 Rxh4 34. Rf2 Rd4 35. Qb3 Qc5 36. Qg3 Bh4 37.
Qb8+ Rd8 0-1

[Event "*** Titled Tuesday 3|2 Blitz"]
[Site "Chess.com"]
[Date "2016.02.02"]
[Round "5"]
[White "arnacman"]
[Black "LADIESGET2KNOWME"]
[Result "1-0"]
[WhiteElo "2247"]
[BlackElo "2315"]
[TimeControl "180+2"]
[EndTime "12:04:38 PST"]
[Termination "arnacman won by resignation"]

1. e4 e6 2. d4 d5 3. Nc3 Nf6 4. e5 Nfd7 5. f4 c5 6. Nf3 Nc6 7. Be3 a6 8. Qd2 b5 9. dxc5 Bxc5 10. Bd3 Qb6 11. Bf2 O-O 12. O-O Bxf2+ 13. Rxf2 f6 14. exf6 Nxf6 15. Kh1 b4 16. Na4 Qa5 17. b3 Bd7 18. a3 Be8 19. Ne5 Ne4 20. Bxe4 Nxe5 21. axb4 Qc7 22. Bxd5 exd5 23. Qxd5+ Nf7 24. Qxa8 Bxa4 25.
Qxa6 Bc6 26. b5 Be4 27. Qe6 Qb7 28. Re1 Bd5 29. Qe2 Nh6 30. c4 Bf7 31. h3 Nf5 32. Kh2 h5 33. Qe4 Qc8 34. Rd1 h4 35. Rfd2 Ng3 36.
Qe7 Qf5 37. Qxh4 Nh5 38. Rd8 Nxf4 39. Rxf8+ Kxf8 40. Rd8+ Be8 41. Qh8+ 1-0

[Event "*** Titled Tuesday 3|2 Blitz"]
[Site "Chess.com"]
[Date "2016.02.02"]
[Round "5"]
[White "AnthonyWirig"]
[Black "Gabrielian_Artur"]
[Result "1-0"]
[WhiteElo "2535"]
[BlackElo "2481"]
[TimeControl "180+2"]
[EndTime "12:04:55 PST"]
[Termination "AnthonyWirig won by resignation"]

1. e4 c5 2. Nf3 d6 3. d4 cxd4 4. Nxd4 Nf6 5. Nc3 a6 6. f4 e6 7. Qf3 Qc7 8. g4 Nc6 9. Nxc6 bxc6 10. g5 Nd7 11. b3 g6 12. Bb2 Bg7 13. O-O-O O-O 14.
h4 c5 15. h5 Re8 16. hxg6 fxg6 17. f5 Ne5 18. Qh3 Bf8 19. fxg6 Nxg6 20. e5 d5 21. Bd3 Qg7 22. Rdf1 Ra7 23. Rf6 Nxe5 24. Kb1 Nxd3 25. Qxd3 Qxg5 26. Rf3 Rg7 27. Ne2 c4 28. Qd1 cxb3 29. axb3 Rg6 30. Rg3 Qxg3 31. Nxg3 Rxg3 32. Qd4 Bg7 33. Qh4 Bxb2 34. Qxh7+ Kf8 35. Rf1+ 1-0

[Event "*** Titled Tuesday 3|2 Blitz"]
[Site "Chess.com"]
[Date "2016.02.02"]
[Round "5"]
[White "stepanosinovsky"]
[Black "gumersindo"]
[Result "1/2-1/2"]
[WhiteElo "2272"]
[BlackElo "2249"]
[TimeControl "180+2"]
[EndTime "12:04:58 PST"]
[Termination "Game drawn by agreement"]

1. e4 c6 2. d4 d5 3. exd5 cxd5 4.
c3 Nc6 5. Nf3 Bg4 6. Qb3 Rb8 7.
Bf4 Bxf3 8. Bxb8 Qxb8 9. gxf3 Nf6 10. Bb5 Qc7 11. c4 e6 12. Nc3 dxc4 13. Qxc4 Be7 14.
O-O-O O-O 15. Kb1 Rc8 16. d5 exd5 17. Nxd5 Nxd5 18. Rxd5 Bf6 19. Rhd1 Qxh2 20. Bxc6 bxc6 21. Qxc6 Rf8 22. Qc5 Qb8 23. R1d2 h6 24. a3 Rc8 25. Qd6 Qb3 26. Rc5 Rb8 27. Qd7 Qxf3 28. Rc8+ Rxc8 29. Qxc8+ Kh7 30. Qc2+ g6 31. Rd7 Kg7 32. Qc4 Qf5+ 33. Qd3 Qxf2 34. Qd2 1/2-1/2

[Event "*** Titled Tuesday 3|2 Blitz"]
[Site "Chess.com"]
[Date "2016.02.02"]
[Round "5"]
[White "mssjust"]
[Black "GMVar"]
[Result "1/2-1/2"]
[WhiteElo "2579"]
[BlackElo "2712"]
[TimeControl "180+2"]
[EndTime "12:05:03 PST"]
[Termination "Game drawn by repetition"]

1. e4 e6 2. d4 d5 3. Nd2 Nf6 4. e5 Nfd7 5. f4 c5 6. Ngf3 Nc6 7. Nb3 c4 8. Nbd2 b5 9. a3 Be7 10. c3 O-O 11. Be2 Nb6 12. O-O h6 13. b3 Bd7 14.
a4 bxa4 15. bxa4 Na5 16. Qc2 Qc7 17. Ba3 Bxa4 18. Qa2 Bxa3 19. Qxa3 Nb3 20. Ra2 Rfb8 21. Nh4 g6 22. g4 Qd8 23. Ng2 Rb7 24. f5 Nxd2 25.
Rxd2 gxf5 26. gxf5 Qg5 27. Qc1 Kh8 28. h4 Qg7 29.
Bh5 Bd7 30. f6 Qh7 31. Kh2 Na4 32. Nf4 Rg8 33. Qa3 Bc6 34. Rdf2 Rb3 35. Qe7 Rb7 36. Qa3 Rb3 37. Qe7 Rb7 38. Qa3 Rb3 39. Qe7 Rb7 40. Qa3 Rb3 1/2-1/2

[Event "*** Titled Tuesday 3|2 Blitz"]
[Site "Chess.com"]
[Date "2016.02.02"]
[Round "5"]
[White "BahadirOzen"]
[Black "Hikaru"]
[Result "0-1"]
[WhiteElo "2521"]
[BlackElo "2863"]
[TimeControl "180+2"]
[EndTime "12:05:10 PST"]
[Termination "Hikaru won by resignation"]

1. d4 g6 2. Nf3 f5 3. h4 Nf6 4. Nc3 d6 5. h5 Nxh5 6. e4 Nf6 7.
Bd3 e6 8. Qe2 Be7 9. exf5 exf5 10. Bh6 Rg8 11. O-O-O d5 12. Rde1 c6 13. Bf4 Kf8 14.
Ng5 h5 15. Ne6+ Bxe6 16. Qxe6 Rh8 17. Bg5 Nbd7 18. Rh3 Ne4 19. Bxe7+ Qxe7 20. Qxe7+ Kxe7 21. f3 Nf6 22. fxe4 dxe4 23. Bc4 Rad8 24. Ne2 Kd6 25. Rg3 Ng4 26. Bb3 g5 27. c4 f4 28. c5+ Kc7 29. Rc3 Rhf8 30. Bc2 Rde8 31. Ng1 Ne3 32. Nh3 g4 33.
Nf2 Nxc2 34. Kxc2 e3 35. Nd3 f3 36. gxf3 gxf3 37. Ne5 f2 38. Rcxe3 fxe1=Q 39. Rxe1 Rf2+ 40.
Kc3 h4 41. Rg1 Re7 42. Rg4 Rh7 0-1

[Event "*** Titled Tuesday 3|2 Blitz"]
[Site "Chess.com"]
[Date "2016.02.02"]
[Round "5"]
[White "ethylalcohol"]
[Black "Makalexa"]
[Result "0-1"]
[WhiteElo "1721"]
[BlackElo "2071"]
[TimeControl "180+2"]
[EndTime "12:05:10 PST"]
[Termination "Makalexa won on time"]

1. e4 e5 2. Nf3 Nc6 3. Bc4 Bc5 4. c3 Nf6 5. d4 exd4 6. cxd4 Bb4+ 7. Nc3 Nxe4 8. O-O Bxc3 9. d5 Ne5 10. bxc3 Nxc4 11.
Qd4 O-O 12. Qxe4 Nd6 13. Qd4 b6 14. c4 Qf6 15. Qxf6 gxf6 16. Bh6 Re8 17. Rac1 Ba6 18. Nd2 Re2 19. Rfd1 Nf5 20. Bf4 d6 21. Nf3 Rae8 22. g4 R2e4 23. gxf5 Rxf4 24. Kg2 Re2 25. Kg3 Rxf5 26.
Nd4 Rg5+ 27. Kf3 Rxa2 28. h4 Ra3+ 29. Kf4 Rg2 30. Rg1 Rxg1 31. Rxg1+ Kf8 32. Kf5 Bxc4 33. Kxf6 Bxd5 34. Rg7 Rd3 35. Rxh7 Ke8 36. Rh8+ Kd7 37. Nf5 Rf3 0-1

[Event "*** Titled Tuesday 3|2 Blitz"]
[Site "Chess.com"]
[Date "2016.02.02"]
[Round "5"]
[White "jcgs1030"]
[Black "oggy1984"]
[Result "1-0"]
[WhiteElo "2210"]
[BlackElo "2170"]
[TimeControl "180+2"]
[EndTime "12:05:24 PST"]
[Termination "jcgs1030 won by resignation"]

1. e4 c6 2. d4 d5 3. e5 c5 4. dxc5 e6 5. Be3 Nc6 6. Bb5 Nh6 7. g4 Qc7 8. f4 g5 9. fxg5 Qxe5 10. Qd4 Nxg4 11.
Qxe5 Nxe5 12. Nd2 Bd7 13. O-O-O Bg7 14. Nb3 Ng4 15. Re1 d4 16. Bf4 Nf2 17. Bd6 Nxh1 18. Nh3 e5 19. Nf4 h5 20. Nd5 O-O-O 21. Rxh1 Be6 22.
Bxc6 bxc6 23. Nb4 Kd7 24. Na5 Rc8 25. Re1 f6 26. gxf6 Bxf6 27. Bxe5 Bxe5 28. Rxe5 h4 29.
Re4 Bd5 30. Rxd4 Ke6 31. Naxc6 Bxc6 32. Rd6+ Kf5 33. Nxc6 Rhe8 34. b4 Kg4 35. Nxa7 Rc7 36. Nb5 Rf7 37. a4 Rf2 38. Nd4 Re1+ 39. Kb2 Rxh2 40.
c6 Rhh1 41. c7 Rb1+ 42. Kc3 Rh3+ 43. Kc4 1-0

[Event "*** Titled Tuesday 3|2 Blitz"]
[Site "Chess.com"]
[Date "2016.02.02"]
[Round "5"]
[White "stefanodinn"]
[Black "KyronGriffith"]
[Result "0-1"]
[WhiteElo "2125"]
[BlackElo "2262"]
[TimeControl "180+2"]
[EndTime "12:05:33 PST"]
[Termination "KyronGriffith won on time"]

1. Nf3 Nf6 2. c4 g6 3. g3 Bg7 4. Bg2 O-O 5. O-O d6 6. d4 Nc6 7.
Nc3 a6 8. d5 Nb8 9. Nd4 Nbd7 10. e4 a5 11. b3 Nc5 12. Re1 e5 13. Nc2 Bg4 14. f3 Bd7 15. Be3 b6 16. Rb1 Nh5 17.
a3 f5 18. b4 axb4 19. axb4 Na4 20. Qd2 f4 21. Bf2 fxg3 22. hxg3 Nxc3 23. Qxc3 Qg5 24. Qe3 Qxe3 25. Nxe3 Ra2 26. c5 Bh6 27. cxd6 cxd6 28. Nc4 b5 29. Nxd6 Bd2 30. Re2 Rfa8 31. Kh2 Bc3 32.
Rxa2 Rxa2 33. Kg1 Ra4 34. Bf1 Bxb4 35. Nxb5 Ba5 36. Na7 Ra3 37. Be2 Bc3 38. Nb5 Bxb5 39. Bxb5 Bd4 40. Be2 Nxg3 0-1

[Event "*** Titled Tuesday 3|2 Blitz"]
[Site "Chess.com"]
[Date "2016.02.02"]
[Round "5"]
[White "Mornar1951"]
[Black "gmjoey1"]
[Result "0-1"]
[WhiteElo "2604"]
[BlackElo "2482"]
[TimeControl "180+2"]
[EndTime "12:05:50 PST"]
[Termination "gmjoey1 won on time"]

1. Nf3 Nf6 2. c4 e6 3. g3 b6 4. Bg2 Bb7 5. O-O c5 6. Nc3 Be7 7. d4 cxd4 8. Qxd4 d6 9. Rd1 a6 10. Bg5 Nbd7 11. Bxf6 Nxf6 12. Ng5 Bxg2 13. Kxg2 Qc7 14.
Nge4 Rd8 15. Rac1 O-O 16. b3 Qc6 17. f3 Rd7 18. Qd3 Rfd8 19. a4 Qb7 20. Qe3 h6 21. Rd3 Nxe4 22. Qxe4 d5 23. cxd5 exd5 24. Qg4 Bf6 25.
Rcd1 Bxc3 26. Rxc3 b5 27. Rcd3 g6 28. Rd4 h5 29.
Qf4 bxa4 30. bxa4 Qc6 31. R1d2 Qe6 32. h3 a5 33. g4 hxg4 34. hxg4 Kg7 35. Kf2 Re8 36.
R4d3 Ree7 37. Re3 Qb6 38. Qd4+ Qxd4 39. Rxd4 Rxe3 40. Kxe3 Kf6 41. f4 Ke6 42. Kf3 Rb7 43. e3 Rb3 44. Ke2 f6 45. Kf3 Kd6 46. Ke2 Kc5 47.
Kd2 f5 48. gxf5 gxf5 49. Ke2 Rb4 50. Kd3 Rxd4+ 51. exd4+ Kb4 0-1

[Event "*** Titled Tuesday 3|2 Blitz"]
[Site "Chess.com"]
[Date "2016.02.02"]
[Round "5"]
[White "FairChess_on_YouTube"]
[Black "Dr-Bassem"]
[Result "1/2-1/2"]
[WhiteElo "2732"]
[BlackElo "2469"]
[TimeControl "180+2"]
[EndTime "12:05:52 PST"]
[Termination "Game drawn by repetition"]

1. e4 e5 2. Nf3 Nc6 3. Bb5 a6 4. Ba4 Nf6 5. O-O Be7 6. Bxc6 dxc6 7. d3 Nd7 8. Nbd2 O-O 9. Nc4 f6 10. Nh4 Re8 11. Nf5 Bf8 12. f4 exf4 13. Bxf4 Nc5 14. Be3 Be6 15. b3 Qd7 16. Kh1 Kh8 17. Qe1 Rad8 18.
Qg3 b6 19. h3 a5 20. a4 Na6 21. Bd2 Nb4 22. Rac1 c5 23. Nfe3 Nc6 24. Bc3 Nd4 25. Rf2 Bd6 26. Qh4 Qe7 27. Rcf1 Bxc4 28. Nxc4 Be5 29. Nxe5 Qxe5 30. Qg4 Qe6 31. Qxe6 Rxe6 32.
g4 h6 33. Kg2 Kh7 34. h4 Re5 35. Bxd4 cxd4 36. Rf5 Rde8 37. Kg3 Kg6 38. Rc1 R8e6 39. Kf4 Kf7 40. h5 Ke7 41. c4 c5 42. Rg1 Kf7 43.
Kg3 Rxf5 44. gxf5 Re5 45. Kf4 Kf8 46. Rb1 Kf7 47. Rg1 Kf8 48. Kf3 Kf7 49. Kf4 Kf8 1/2-1/2

[Event "*** Titled Tuesday 3|2 Blitz"]
[Site "Chess.com"]
[Date "2016.02.02"]
[Round "5"]
[White "AlexanderL"]
[Black "AndroQueen"]
[Result "1-0"]
[WhiteElo "2592"]
[BlackElo "2413"]
[TimeControl "180+2"]
[EndTime "12:06:03 PST"]
[Termination "AlexanderL won by resignation"]

1. d4 Nf6 2. c4 e6 3. Nc3 Bb4 4. Qc2 b6 5. e4 c5 6. d5 Qe7 7.
Ne2 exd5 8. exd5 d6 9. Bd2 O-O 10. f3 Re8 11. O-O-O Nbd7 12. Ng3 Ne5 13. a3 Ba5 14.
Re1 Qd8 15. h3 Bd7 16. f4 Ng6 17. Bd3 a6 18. Nce4 Bxd2+ 19. Qxd2 Nxe4 20. Nxe4 Bf5 21. Nxd6 Qxd6 22. Bxf5 Nxf4 23. g3 Ng6 24. Qc3 b5 25.
b3 bxc4 26. bxc4 Rab8 27. h4 Re5 28. Rxe5 Qxe5 29. Qxe5 Nxe5 30. d6 g6 31. Re1 f6 32.
Be6+ Kf8 33. Rd1 Ke8 34. Kc2 Kd8 35. Kc3 a5 36. Rd5 Nd7 37. Bxd7 Kxd7 38. Rxc5 a4 39.
Rb5 Re8 40. c5 Kc6 41. Ra5 Re3+ 42. Kd4 Rxa3 43. Ra6+ Kb7 44. Rb6+ Kc8 45. c6 Ra1 46. Ra6 Rd1+ 47. Kc5 Rc1+ 48. Kd5 1-0

[Event "*** Titled Tuesday 3|2 Blitz"]
[Site "Chess.com"]
[Date "2016.02.02"]
[Round "5"]
[White "KNVB"]
[Black "Alexander_Donchenko"]
[Result "1/2-1/2"]
[WhiteElo "2397"]
[BlackElo "2525"]
[TimeControl "180+2"]
[EndTime "12:06:23 PST"]
[Termination "Game drawn by repetition"]

1. d4 Nf6 2. c4 e6 3. Nc3 Bb4 4.
Qc2 O-O 5. a3 Bxc3+ 6. Qxc3 b6 7. Bg5 Bb7 8. f3 d5 9. e3 h6 10.
Bh4 Nbd7 11. cxd5 Nxd5 12. Bxd8 Nxc3 13. Bh4 Nd5 14. Kf2 c5 15. Bb5 N5f6 16. Ne2 a6 17. Bd3 cxd4 18. Nxd4 Ne5 19. Be2 Rfc8 20. Rhc1 b5 21.
e4 Nfd7 22. b3 g5 23. Bg3 Ng6 24. Ke3 Nf6 25. Be1 Nf4 26. Bf1 Nd7 27. g3 Ng6 28. Be2 Nc5 29. Rab1 Nd7 30. Ba5 Kf8 31. a4 bxa4 32.
bxa4 Rxc1 33. Rxc1 Rc8 34. Rxc8+ Bxc8 35. Nc6 Nge5 36. Nxe5 Nxe5 37. f4 gxf4+ 38. gxf4 Nc6 39. Bc3 f5 40. exf5 exf5 41. h4 Kf7 42. Bc4+ Kf8 43. Bd5 Ne7 44. Bc4 Nc6 45. Bd5 Ne7 46. Bf3 Bd7 47.
a5 Bc6 48. Bb4 Bxf3 49. Kxf3 Kf7 50. Bxe7 Kxe7 51. Ke3 Kd6 52. Kd4 h5 53. Kc4 Kc6 54. Kd4 Kd6 55. Kc4 Kc6 56. Kd4 Kd6 57. Kc4 Kc6 58. Kd4 1/2-1/2

[Event "*** Titled Tuesday 3|2 Blitz"]
[Site "Chess.com"]
[Date "2016.02.02"]
[Round "5"]
[White "HovmoellerHest"]
[Black "DanielRensch"]
[Result "1-0"]
[WhiteElo "2180"]
[BlackElo "2335"]
[TimeControl "180+2"]
[EndTime "12:06:28 PST"]
[Termination "HovmoellerHest won by resignation"]

1. d4 Nf6 2. c4 e6 3. Nc3 Bb4 4. Qc2 O-O 5. a3 Bxc3+ 6. Qxc3 b5 7. cxb5 c6 8. Bg5 cxb5 9. e4 Nxe4 10. Bxd8 Nxc3 11.
Be7 Re8 12. bxc3 Rxe7 13. Bxb5 Bb7 14. f3 e5 15. Ne2 exd4 16. cxd4 Nc6 17. Kd2 Na5 18.
Rab1 g5 19. Rhc1 Bd5 20. Rc3 Rb8 21. Rb4 Kg7 22. Ba6 Rxb4 23. axb4 Nc6 24. Bb7 h6 25. b5 Nb4 26. Bxd5 Nxd5 27. Ra3 d6 28.
Ra6 Re6 29. Rxa7 Ne3 30. Kd3 d5 31. Nc3 Nxg2 32. Nxd5 Ne1+ 33. Kc4 Nxf3 34. b6 Nd2+ 35. Kb5 Nb3 36. b7 Nxd4+ 37. Kc5 Nc6 38. Ra8 Ne5 39.
Rd8 Rc6+ 40. Kb5 Rc1 41. b8=Q Rb1+ 42. Nb4 Rxb4+ 43. Kxb4 Nc6+ 44. Kc5 Nxb8 45. Rxb8 f5 46. Kd5 Kg6 47. Rb4 f4 48. Ke5 Kh5 49. Kf5 Kh4 50. Rb3 h5 51. Ra3 f3 52. Rxf3 g4 53. Ra3 g3 54.
hxg3+ Kh3 55. Kg5 1-0

[Event "*** Titled Tuesday 3|2 Blitz"]
[Site "Chess.com"]
[Date "2016.02.02"]
[Round "5"]
[White "attack2mateU"]
[Black "Iball95"]
[Result "0-1"]
[WhiteElo "2463"]
[BlackElo "2398"]
[TimeControl "180+2"]
[EndTime "12:06:40 PST"]
[Termination "Iball95 won by resignation"]

1. e4 c5 2. Nf3 Nc6 3. d4 cxd4 4. Nxd4 g6 5. c4 Nf6 6. Nc3 d6 7. Be2 Nxd4 8. Qxd4 Bg7 9. Be3 O-O 10. Qd2 Be6 11. O-O Qa5 12. f4 Rfc8 13. b3 Ng4 14. Bd4 Bxd4+ 15. Qxd4 Nf6 16. f5 Bd7 17. fxg6 hxg6 18. Rxf6 exf6 19. Nd5 Be6 20. Ne7+ Kg7 21. Nxc8 Rxc8 22. Bf3 Qc5 23. Rd1 Kf8 24. Kf1 Qxd4 25. Rxd4 Ke7 26. Ke2 b6 27. h3 a5 28.
Kd3 Rc5 29. Kc3 f5 30. exf5 Rxf5 31. a3 Rc5 32. b4 axb4+ 33. axb4 Rc7 34. Bd5 Ra7 35.
Kb2 Ra4 36. Kb3 Ra1 37. Re4 Kf6 38. Rf4+ Ke5 39. Re4+ Kf5 40. Re2 Kf6 41. Rf2+ Ke7 42. Re2 Kd7 43. Bxe6+ fxe6 44. Re3 Ke7 45. Rd3 e5 46.
Rg3 Kf6 47. Rd3 Ke6 48. Rg3 Kf5 49. Rd3 e4 50. Rxd6 e3 51. g4+ Kf4 52. Rf6+ Kg3 53. Re6 Kf2 54. Rf6+ Ke1 55. Rxb6 e2 56. Rxg6 Kd2 57.
Rd6+ Ke3 58. Re6+ Kd3 59. Rd6+ Ke3 60. b5 e1=Q 61. Re6+ Kd4 62. Rxe1 Rxe1 0-1

[Event "*** Titled Tuesday 3|2 Blitz"]
[Site "Chess.com"]
[Date "2016.02.02"]
[Round "5"]
[White "BartoszSocko"]
[Black "Dlugy"]
[Result "1/2-1/2"]
[WhiteElo "2699"]
[BlackElo "2576"]
[TimeControl "180+2"]
[EndTime "12:06:52 PST"]
[Termination "Game drawn by repetition"]

1. e4 d5 2. exd5 Qxd5 3. Nc3 Qd6 4. Nf3 c6 5. g3 Nf6 6. d4 Bg4 7. Bg2 e6 8. O-O Be7 9. h3 Bxf3 10. Bxf3 O-O 11.
Bg2 Rd8 12. Ne2 Qc7 13. c3 Nbd7 14. Qb3 a5 15. Bf4 Qc8 16. a4 Nd5 17. Rfe1 Nxf4 18.
Nxf4 Nf6 19. Re2 Bd6 20. Nd3 Qc7 21. Rae1 h6 22. Ne5 Bxe5 23. Rxe5 Nd7 24. R5e2 Nf6 25.
Bf3 Nd7 26. Kg2 Qb6 27. Qc2 Nf6 28. Re5 Rd6 29. h4 Rad8 30. R5e2 Qc7 31. Qb3 Nd5 32. Re5 R6d7 33. Be4 Rd6 34. Bb1 Nf6 35. Qc2 Rd5 36. Ba2 Rxe5 37. Rxe5 Nd7 38. Re3 Nf6 39. Bb1 c5 40.
dxc5 Qxc5 41. Qb3 Qc6+ 42. Kg1 Rd2 43. Rd3 Rxd3 44. Bxd3 Ng4 45. Qb5 Qxb5 46. Bxb5 Kf8 47. f3 Nf6 48. Kf2 Ke7 49. Ke3 Kd6 50. Kd4 e5+ 51. Kc4 b6 52. b4 e4 53. bxa5 bxa5 54. fxe4 Nxe4 55. g4 Nd2+ 56. Kd3 Nf3 57. Be8 Kc5 58. Ke4 Nxh4 59. Bxf7 g6 60. Kf4 Kd6 61. Ke4 Kc5 62. Ke5 h5 63. g5 Nf3+ 64.
Kf4 Nh4 65. Ke5 Nf3+ 66. Kf4 Nh4 67. Ke5 Nf3+ 1/2-1/2

[Event "*** Titled Tuesday 3|2 Blitz"]
[Site "Chess.com"]
[Date "2016.02.02"]
[Round "5"]
[White "ZEN-22"]
[Black "VMikhalevski"]
[Result "1-0"]
[WhiteElo "2351"]
[BlackElo "2473"]
[TimeControl "180+2"]
[EndTime "12:07:03 PST"]
[Termination "ZEN-22 won by resignation"]

1. d3 d5 2. g3 Nf6 3. Bg2 g6 4. Nf3 Bg7 5. c4 dxc4 6. Qa4+ Bd7 7. Qxc4 O-O 8. Nc3 Bc6 9. O-O Nbd7 10. a4 a5 11. d4 Nb6 12. Qd3 Nbd5 13. Re1 Nb4 14. Qd2 Ne4 15. Nxe4 Bxe4 16. b3 Nc2 17. Bb2 Nxa1 18.
Rxa1 Bd5 19. Qc3 Ra6 20. Re1 Rb6 21. Nd2 Bxg2 22. Kxg2 c5 23. Qxc5 Rc6 24. Qb5 Rc2 25. Nc4 e6 26. e4 Qf6 27. Rf1 Rc8 28. Nd6 Rd8 29. e5 Qe7 30. Ba3 Qd7 31. Qxa5 Qc6+ 32.
Kg1 b6 33. Qa7 Qc7 34. Qxc7 Rxc7 35. Nc4 Rxd4 36. Nxb6 Rd3 37. Bd6 Rc6 38. Nc4 Ra6 39.
Rb1 Rc3 40. a5 Bf8 41. Bc7 Bb4 42. Bb6 Rd3 43. Kf1 Rd5 44. Ke2 g5 45. f4 g4 46.
Ke3 h5 47. Ke4 Rd7 48. f5 Ra8 49. Rf1 Be7 50. h3 gxh3 51. Rh1 exf5+ 52. Kxf5 Rd3 53. Rxh3 Rf3+ 54. Ke4 Rxb3 55. Nd6 Rb4+ 56. Kd5 Rg4 57. Rxh5 Rxg3 58. Nf5 Rd3+ 59. Ke4 Rd7 60. Rh3 Bd8 61.
Rg3+ Kh7 62. Rg7+ Kh8 63. e6 fxe6 64. Rxd7 exf5+ 65. Kxf5 Bh4 66. Kg6 Be1 67. Bd4+ Kg8 68. Rg7+ Kf8 69. Bc5+ Ke8 70. Rg8+ Kd7 71. Rxa8 Kc6 72.
Bb6 Kb5 73. Rg8 Ka6 74. Kf5 Kb5 75. Ke6 Bd2 76. Kd5 Be1 77. Rg1 Bd2 78. Rb1+ Ka6 79.
Kc6 Bb4 80. Bc5 Bc3 81. Rb7 1-0

[Event "*** Titled Tuesday 3|2 Blitz"]
[Site "Chess.com"]
[Date "2016.02.02"]
[Round "5"]
[White "Spinaltap"]
[Black "Cecile_Haussernot"]
[Result "1-0"]
[WhiteElo "2386"]
[BlackElo "2172"]
[TimeControl "180+2"]
[EndTime "12:07:08 PST"]
[Termination "Spinaltap won on time"]

1. Nf3 c5 2. g3 Nc6 3. Bg2 g6 4. O-O Bg7 5. e4 d6 6. h3 Nf6 7.
Re1 O-O 8. c3 e5 9. d4 Qc7 10.
dxe5 dxe5 11. Bg5 Be6 12. Nbd2 Rad8 13. Qc2 b5 14. a4 b4 15. Bf1 Rd7 16. Kh2 Rfd8 17.
Bc4 h6 18. Bxe6 fxe6 19. Be3 Rd3 20. Rad1 bxc3 21. bxc3 Qa5 22. Nb1 c4 23. Nfd2 Qa6 24.
Na3 Na5 25. Ndxc4 Rxd1 26. Rxd1 Rxd1 27. Qxd1 Nxc4 28. Qd3 Qxa4 29. Nxc4 Qc6 30. f3 Qb5 31. Bxa7 Nd7 32. Kg2 Bf8 33. Qf1 Qa6 34. Be3 Qa2+ 35. Nd2 Nc5 36. Qf2 Nd3 37. Qe2 Qc2 38. Kf1 Qxc3 39.
h4 Qc1+ 40. Kg2 Ne1+ 41. Kh3 Nc2 42. Nf1 Qb1 43. Bd2 Qb3 44. Ne3 Nd4 45. Qf1 Qb2 46. Qf2 Qa1 47. Kg2 Bc5 48. Ng4 Nb3 49. Be3 Bb4 50.
Nxe5 Qxe5 51. Bxh6 Bc5 52. Be3 Bb4 53. Qe2 Qc3 54.
Bf4 Bc5 55. Qb5 Qc2+ 56. Kh3 Nd4 57. Qe8+ Kg7 58. Qd7+ Kg8 59. Be5 Bf8 60. Bxd4 Qb3 61. Kg4 Qc4 62. Bf6 1-0